 Dungeon Crawl Stone Soup version 0.25-a0-316-gd28d56f9c5 (webtiles) character file.

Game seed: 18419326353325014558, levelgen mode: classic

10208 Borgoz the Carver (level 11, 0/60 HPs)
             Began as a Gargoyle Berserker on Dec 24, 2019.
             Was an Elder of Trog.
             Slain by a white ugly thing (5 damage)
             ... on level 11 of the Dungeon.
             The game lasted 00:18:36 (8680 turns).

Borgoz the Carver (Gargoyle Berserker)              Turns: 8680, Time: 00:18:36

Health: 0/60       AC: 27    Str: 20    XL:     11   Next: 58%
Magic:  0/11       EV: 15    Int: 12    God:    Trog [****..]
Gold:   323        SH:  0    Dex: 12    Spells: 10/10 levels left

rFire    . . .     SeeInvis .   a - +0 scimitar
rCold    + . .     Gourm    .   (no shield)
rNeg     + . .     Faith    .   D - +2 scale mail {rF+}
rPois    ∞         Spirit   +   (no helmet)
rElec    +         Reflect  .   C - +2 cloak
rCorr    .         Harm     .   v - +2 pair of gloves "Lasaog" {Int+3}
MR       +....                  h - +1 pair of boots
Stlth    ..........             u - amulet of guardian spirit
HPRegen  0.20/turn              y - ring of protection from magic
MPRegen  0.12/turn              L - ring of ice

@: berserk cooldown, hasted and slowed
A: negative energy resistance 1, electricity resistance, unbreathing,
petrification resistance, rot immunity, AC +8
a: Berserk, Trog's Hand, Brothers in Arms, Renounce Religion


You were on level 11 of the Dungeon.
You worshipped Trog.
Trog was greatly pleased with you.
You were near starving.

You visited 1 branch of the dungeon, and saw 11 of its levels.

You collected 512 gold pieces.
You spent 189 gold pieces at shops.

Inventory:

Hand Weapons
 a - a +0 scimitar (weapon)
 e - a +3 great sword
Armour
 h - a +1 pair of boots (worn)
 v - the +2 pair of gloves "Lasaog" (worn) {Int+3}
   (You found it on level 6 of the Dungeon)

   It affects your intelligence (+3).
 C - a +2 cloak (worn)
 D - a +2 scale mail of fire resistance (worn)
 J - the +3 hat of Pondering {ponderous, MR+ MP+10 Int+5}
   (You took it off Gastronok on level 10 of the Dungeon)

   It affects your intelligence (+5).
   It affects your resistance to hostile enchantments.
   It affects your magic capacity (+10).
Jewellery
 d - an uncursed ring of positive energy
 u - an amulet of guardian spirit (around neck)
 y - a ring of protection from magic (left hand)
 L - a ring of ice (right hand)
 M - an uncursed ring of see invisible
Wands
 f - a wand of clouds (2)
 g - a wand of random effects (18)
 z - a wand of flame (28)
 F - a wand of acid (4)
 G - a wand of polymorph (18)
Scrolls
 b - 2 scrolls of fog
 i - a scroll of enchant armour
 j - a scroll of fear
 k - 3 scrolls of magic mapping
 m - a scroll of blinking
 q - a scroll of teleportation
 s - 5 scrolls of remove curse
 t - a scroll of silence
 x - a scroll of identify
 B - a scroll of acquirement
 I - a scroll of enchant weapon
Potions
 n - 3 potions of invisibility
 o - 3 potions of flight
 r - 2 potions of resistance
 w - 2 potions of mutation
 A - a potion of magic
 E - a potion of heal wounds
 H - a potion of cancellation
Comestibles
 c - 17 rations
 K - 6 chunks of flesh


   Skills:
 - Level 3.2 Fighting
 * Level 10.7 Long Blades
 + Level 9.1 Armour
 * Level 9.7 Dodging


You had 10 spell levels left.
You didn't know any spells.
Your spell library was empty.

Dungeon Overview and Level Annotations

Branches:
Dungeon (11/15)            Temple (0/1) D:5            Lair (0/6) D:9
    Orc: D:9-12

Altars:
Dithmenos
Fedhas
Gozag
Kikubaaqudgha
Okawaru
Qazlal
Trog
Uskayaw
Wu Jian
Yredelemnul

Shops:
D:6 ?


Innate Abilities, Weirdness & Mutations

You are resistant to torment.
Your stone body is resilient. (AC +8)
You are immune to poison.
You resist negative energy. (rN+)
You are resistant to electric shocks. (rElec)
You can survive without breathing.
You are immune to petrification.
You are immune to rotting.


Message History

The net rips apart, and the white ugly thing comes free!
Found an escape hatch in the floor.
Evoke which item? (* to show all) (? for menu, Esc to quit)
Aiming: Cloud Cone
Press: ? - help, Dir - move target cursor, f/p - white ugly thing
Aim: a white ugly thing (heavily wounded)
You create a blast of freezing vapour!
The white ugly thing is engulfed in freezing vapours.
Evoke which item? (* to show all) (? for menu, Esc to quit)
Aiming: Corrosive Bolt
Press: ? - help, Shift-Dir - straight line, f/p - white ugly thing
Aim: a white ugly thing (freezing vapour, heavily wounded)
The bolt of acid misses the white ugly thing.
The white ugly thing is engulfed in freezing vapours. x2
You feel yourself speed up.
The white ugly thing is engulfed in freezing vapours.
The white ugly thing pecks you!
* * * LOW HITPOINT WARNING * * *
The white ugly thing freezes you. You resist.
You die...

###)).......................>....
†.)[)..).........................
####...................##........
##............#.#.#.#......#.#
#............####..........#
#..#.............###.#.......#
#..................#.......#..#
##...............§§#).##..##
##...#........@u§§§..#####
#..............§§#.##
.................###
##.............# ..........#..##
.........### >........ .........


You could see a white ugly thing.

Vanquished Creatures
  Fannar (D:11)
  Erolcha (D:11)
  Urug (D:10)
  A two-headed ogre (D:10)
  A gargoyle (D:11)
  2 trolls
  2 hippogriffs (D:10)
  A yak (D:9)
  A wyvern (D:10)
  A wraith (D:11)
  A soldier ant (D:11)
  2 ice beasts
  Duvessa (D:6)
  A sky beast (D:7)
  2 necrophages
  10 orc warriors
  3 black bears
  3 ogres
  5 centaurs
  A phantom (D:6)
  A big kobold (D:9)
  5 bullfrogs
  Dowan (D:6)
  A wyvern skeleton (D:6)
  3 scorpions
  2 killer bees (D:11)
  5 wights (D:6)
  2 howler monkeys
  2 centaur zombies
  A bullfrog zombie (D:7)
  3 crimson imps
  8 hounds
  A jelly (D:6)
  7 orc priests
  2 centaur skeletons
  3 iguanas
  14 orc wizards
  6 worker ants
  2 hound zombies
  A hound skeleton (D:7)
  9 adders
  6 gnolls
  A howler monkey skeleton (D:7)
  A shadow imp (D:5)
  3 adder skeletons
  2 adder zombies
  3 dart slugs (D:2)
  4 leopard geckos
  55 orcs
  8 bats
  5 giant cockroaches
  12 goblins
  10 hobgoblins
  8 jackals
  16 kobolds
  5 quokkas
  A ball python (D:4)
  5 frilled lizards
  12 rats
277 creatures vanquished.

Vanquished Creatures (collateral kills)
  Gastronok (D:10)
1 creature vanquished.

Vanquished Creatures (others)
  A sky beast (D:6)
  A fungus (D:9)
2 creatures vanquished.

Grand Total: 280 creatures vanquished

Notes
Turn   | Place    | Note
-------+----------+-------------------------------------------
     0 | D:1      | Borgoz the Gargoyle Berserker began the quest for the Orb.
     0 | D:1      | Reached XP level 1. HP: 14/14 MP: 1/1
    73 | D:1      | Reached XP level 2. HP: 18/19 MP: 2/2
    86 | D:1      | Reached skill level 3 in Long Blades
   566 | D:1      | Reached XP level 3. HP: 21/23 MP: 3/3
   569 | D:1      | Reached ** piety under Trog
  1070 | D:2      | Reached XP level 4. HP: 28/28 MP: 4/4
  1480 | D:3      | Reached *** piety under Trog
  1854 | D:3      | Reached XP level 5. HP: 32/32 MP: 5/5
  2419 | D:4      | Reached skill level 4 in Long Blades
  2472 | D:4      | Reached XP level 6. HP: 28/37 MP: 6/6
  2861 | D:4      | Found a shadowy altar of Dithmenos.
  3192 | D:5      | Entered Level 5 of the Dungeon
  3335 | D:5      | Noticed a necrophage
  3358 | D:5      | Killed a necrophage
  3424 | D:5      | Reached XP level 7. HP: 41/41 MP: 7/7
  3506 | D:5      | Reached skill level 5 in Long Blades
  3879 | D:5      | Found a staircase to the Ecumenical Temple.
  3925 | D:5      | Found an ancient bone altar of Kikubaaqudgha.
  3927 | D:5      | Found a blossoming altar of Fedhas.
  4317 | D:6      | Reached XP level 8. HP: 39/46 MP: 8/8
  4344 | D:6      | Reached **** piety under Trog
  4357 | D:6      | Reached skill level 5 in Dodging
  4367 | D:6      | Reached skill level 6 in Long Blades
  4382 | D:6      | Reached skill level 5 in Armour
  4616 | D:6      | Got a pair of pitted gloves
  4622 | D:6      | Identified the +2 pair of gloves "Lasaog" {Int+3} (You
                  | found it on level 6 of the Dungeon)
  4636 | D:6      | Found a hide-covered altar of Uskayaw.
  4652 | D:6      | Found Lomakh's Magic Scroll Shop.
  4660 | D:6      | Bought a scroll of identify for 28 gold pieces
  4660 | D:6      | Bought a scroll of magic mapping for 49 gold pieces
  4660 | D:6      | Bought a scroll of identify for 28 gold pieces
  4662 | D:6      | Bought a scroll of identify for 28 gold pieces
  4662 | D:6      | Bought a scroll of identify for 28 gold pieces
  4662 | D:6      | Bought a scroll of identify for 28 gold pieces
  4773 | D:6      | Noticed Duvessa
  4773 | D:6      | Noticed Dowan
  4787 | D:6      | Killed Duvessa
  4801 | D:6      | Killed Dowan
  4976 | D:6      | Reached skill level 7 in Long Blades
  4976 | D:6      | Reached XP level 9. HP: 47/51 MP: 9/9
  5071 | D:7      | Found a bloodstained altar of Trog.
  5332 | D:7      | Identified a scroll of acquirement
  5633 | D:7      | Reached skill level 8 in Long Blades
  5909 | D:7      | Found an ornate altar of the Wu Jian Council.
  6360 | D:8      | Reached XP level 10. HP: 56/56 MP: 10/10
  6952 | D:8      | Found a stormy altar of Qazlal.
  6955 | D:8      | Found an iron altar of Okawaru.
  6961 | D:8      | Found an opulent altar of Gozag.
  7096 | D:9      | Found a staircase to the Lair.
  7234 | D:9      | Found a basalt altar of Yredelemnul.
  7286 | D:10     | Entered Level 10 of the Dungeon
  7349 | D:10     | Noticed a two-headed ogre
  7362 | D:10     | Killed a two-headed ogre
  7362 | D:10     | Reached skill level 9 in Long Blades
  7584 | D:10     | Reached ***** piety under Trog
  7584 | D:10     | Received a gift from Trog
  7660 | D:10     | Noticed Urug
  7702 | D:10     | Killed Urug
  7823 | D:10     | Noticed Gastronok
  7916 | D:10     | Reached XP level 11. HP: 60/60 MP: 11/11
  7922 | D:10     | Reached skill level 10 in Long Blades
  8006 | D:10     | Killed Gastronok
  8450 | D:11     | Noticed Fannar
  8517 | D:11     | Killed Fannar
  8639 | D:11     | Noticed Erolcha
  8640 | D:11     | Noticed a white ugly thing
  8662 | D:11     | Killed Erolcha
  8680 | D:11     | Slain by a white ugly thing

Levels and vault maps discovered:
D:1:      matt_arrival_spirals, layout_loops_ring
D:2:      layout_rooms, minmay_hexomino_p4
D:3:      layout_loops_ring
D:4:      layout_basic, kennysheep_little_box
D:5:      layout_cave_pools, grunt_temple_overflow_growth_and_decay,
          minmay_temple_entry_arrows, first_ration
D:6:      layout_rooms, lemuel_crystal_altar, serial_shops,
          nicolae_shop_behind_doors, uniq_duvessa
D:7:      layout_loops_ring, marbit_many_paths, trog_ov_bears_minmay
D:8:      layout_loops_corners, grunt_temple_overflow_diamond
D:9:      kennysheep_housing_project, layout_small_grid, kennysheep_mini_moat,
          grunt_lair_entry_orc_guard_hut
D:10:     layout_basic, uniq_urug, uniq_gastronok
D:11:     layout_cross, basic_altar, serial_shops, nicolae_shop_crystal,
          grunt_livestock, uniq_erolcha, uniq_fannar

Skill      XL: |  1  2  3  4  5  6  7  8  9 10 11 |
---------------+----------------------------------+-----
Long Blades    | 3 4 5 7 8 9 10 | 10.7
Dodging        | 2 3 4 6 7 8 9 |  9.7
Armour         | 3 4 5 7 8 9 |  9.1
Fighting       | |  3.2

Action                   |  1- 3 |  4- 6 |  7- 9 | 10-12 || total
-------------------------+-------+-------+-------+-------++-------
Melee: Falchion          |   125 |   380 |   236 |       ||   741
       Scimitar          |       |       |   373 |   420 ||   793
Throw: Throwing net      |       |       |       |     3 ||     3
Invok: Berserk           |     1 |     2 |    10 |     9 ||    22
       Trog's Hand       |       |     1 |     2 |     4 ||     7
       Brothers in Arms  |       |       |       |     1 ||     1
Evoke: Wand              |       |       |     1 |     3 ||     4
  Use: Scroll            |       |    11 |     7 |     4 ||    22
       Potion            |       |       |       |     1 ||     1
 Stab: Sleeping          |     1 |       |       |       ||     1
       Confused          |       |       |     1 |     1 ||     2
       Held in net/web   |       |       |       |     3 ||     3
  Eat: Chunk             |     1 |    10 |    16 |    17 ||    44
       Ration            |       |       |     2 |       ||     2
Armor: Animal skin       |    40 |       |       |       ||    40
       Ring mail         |    28 |    84 |       |       ||   112
       Chain mail        |       |   120 |       |       ||   120
       Plate armour      |       |    46 |   542 |   127 ||   715
       Scale mail        |       |       |       |   165 ||   165
Dodge: Dodged            |    97 |   212 |   282 |   314 ||   905
       Rpst.: Falchion   |    32 |    81 |    26 |       ||   139
       Scimitar          |       |       |    47 |    84 ||   131

Table legend:
 A = Non-vault XP
 B = Vault XP
 C = Vault XP percentage of total XP
 D = Non-vault monster count
 E = Vault monster count
 F = Vault count percentage of total count
                 A         B        C        D         E       F
            +---------+---------+-------+---------+---------+-------
      Total |    9571 |    5012 |  34.4 |     263 |      16 |   5.7
            +---------+---------+-------+---------+---------+-------
        D:1 |      47 |       0 |   0.0 |      28 |       0 |   0.0
        D:2 |      75 |       3 |   3.8 |      28 |       3 |   9.7
        D:3 |      56 |       0 |   0.0 |      15 |       0 |   0.0
        D:4 |     217 |       0 |   0.0 |      15 |       0 |   0.0
        D:5 |     411 |       0 |   0.0 |      17 |       0 |   0.0
        D:6 |    1329 |     216 |  14.0 |      37 |       2 |   5.1
        D:7 |    1281 |     288 |  18.4 |      40 |       3 |   7.0
        D:8 |    1042 |       0 |   0.0 |      17 |       0 |   0.0
        D:9 |     238 |     546 |  69.6 |      14 |       4 |  22.2
       D:10 |    3287 |    2125 |  39.3 |      33 |       2 |   5.7
       D:11 |    1588 |    1834 |  53.6 |      19 |       2 |   9.5
            +---------+---------+-------+---------+---------+-------
